 Dungeon Crawl Stone Soup version 0.21-a0-508-gf08a75f (webtiles) character file.

308 slep the Shield-Bearer (level 6, 0/48 HPs)
             Began as a Demonspawn Fighter on Nov 29, 2017.
             Slain by an ogre
             ... wielding a +0 giant spiked club
              (10 damage)
             ... on level 4 of the Dungeon.
             The game lasted 00:10:34 (2786 turns).

slep the Shield-Bearer (Demonspawn Fighter)         Turns: 2786, Time: 00:10:35

Health: 0/48       AC:  8    Str: 17    XL:     6   Next: 17%
Magic:  6/6        EV:  7    Int:  9    God:
Gold:   201        SH:  9    Dex: 14    Spells: 5/5 levels left

rFire    . . .     SeeInvis .   a - +0 trident
rCold    . . .     Gourm    .   c - +0 shield
rNeg     . . .     Faith    +   b - +0 scale mail
rPois    .         Spirit   .   (helmet restricted)
rElec    .         Reflect  .   (no cloak)
rCorr    .         Harm     .   l - +0 pair of gloves
MR       .....                  (no boots)
Stlth    ..........             i - amulet of faith
HPRegen  0.16/turn              (no ring)
MPRegen  0.10/turn              (no ring)

@: no status effects
A: horns 1, powered by death 1
a: no special abilities


You were on level 4 of the Dungeon.
You were hungry.

You visited 1 branch of the dungeon, and saw 4 of its levels.

You collected 201 gold pieces.

Inventory:

Hand Weapons
 a - a +0 trident (weapon)
 m - a -3 spear
Missiles
 r - 3 needles of frenzy
Armour
 b - a +0 scale mail (worn)
 c - a +0 shield (worn)
 l - a +0 pair of gloves (worn)
 q - a +0 helmet
Jewellery
 i - an amulet of faith (around neck)
Wands
 u - a wand of digging (11)
 v - a wand of iceblast (7)
 w - a wand of paralysis (16)
Scrolls
 e - a scroll of identify
 g - a scroll of blinking
 h - a scroll of fear {unknown}
 t - a scroll of enchant weapon {unknown}
Potions
 d - a potion of might
 n - a potion of ambrosia {unknown}
 s - a potion of haste {unknown}
Comestibles
 f - a bread ration
 k - a royal jelly
 o - a fruit
 p - a meat ration


   Skills:
 + Level 3.7 Fighting
 + Level 3.5 Polearms
 + Level 3.8 Armour
 + Level 1.0 Dodging
 + Level 0.3 Stealth
 + Level 3.9 Shields


You had 5 spell levels left.
You didn't know any spells.

Dungeon Overview and Level Annotations

Branches:
Dungeon (4/15)
 Temple: D:4-7

Altars:
Elyvilon
Hepliaklqana
Nemelex Xobeh
Vehumet

Annotations:
D:2 1 runed door
D:3 Grinder, Sigmund


Innate Abilities, Weirdness & Mutations

You have a pair of small horns on your head.
You regenerate a little health from kills.


Message History

Your magical contamination has completely faded away.
An ogre comes into view. It is wielding a giant spiked club.
The ogre shouts!
Found a potion of curing.
Found an escape hatch in the floor.
The ogre hits you with a giant spiked club!!
You hit the ogre.
The ogre is lightly wounded.
You are feeling hungry.
You block the ogre's attack.
Your shield prevents you from hitting the ogre.
The ogre is lightly wounded.
The ogre barely misses you.
You hit the ogre but do no damage. You headbutt the ogre.
The ogre is lightly wounded.
The ogre hits you with a giant spiked club!
* * * LOW HITPOINT WARNING * * *
You hit the ogre.
The ogre is moderately wounded.
The ogre hits you with a giant spiked club!
You die...

........# ##.#....#
.#.######
.#.################
.#.##.....#......$##
##.##.....#>.......
.#..'.....#.......#
.####.....#....O..#
.# #..>..# #.!@# .#
#.....######.# .#
##...........# .#
############# .# .#
.# .# .#


You could see an ogre.

Vanquished Creatures
  An ogre (D:4)
  A scorpion (D:4)
  Jessica (D:3)
  A worker ant (D:4)
  7 adders
  A worm (D:2)
  2 dart slugs
  2 leopard geckos
  An orc (D:3)
  4 giant cockroaches (D:1)
  8 goblins
  7 hobgoblins
  3 jackals (D:4)
  A quokka (D:2)
  A ball python (D:3)
  9 bats
  2 frilled lizards
  5 kobolds
  2 rats
59 creatures vanquished.

Notes
Turn   | Place    | Note
-------+----------+-------------------------------------------
     0 | D:1      | slep the Demonspawn Fighter began the quest for the Orb.
     0 | D:1      | Reached XP level 1. HP: 18/18 MP: 1/1
   373 | D:1      | Gained mutation: You regenerate a little health from kills. [demonic ancestry]
   373 | D:1      | Reached XP level 2. HP: 22/24 MP: 2/2
  1018 | D:2      | Reached XP level 3. HP: 29/29 MP: 3/3
  1327 | D:2      | Found a runed door.
  1509 | D:3      | Noticed Sigmund
  1560 | D:3      | Found a radiant altar of Vehumet.
  1724 | D:3      | Reached XP level 4. HP: 27/35 MP: 4/4
  1738 | D:3      | Found a hazy altar of Hepliaklqana.
  1738 | D:3      | Found a sparkling altar of Nemelex Xobeh.
  1740 | D:3      | Found a white marble altar of Elyvilon.
  1909 | D:3      | Noticed Jessica
  1919 | D:3      | Killed Jessica
  2059 | D:3      | Noticed Grinder
  2202 | D:4      | Reached XP level 5. HP: 18/41 MP: 5/5
  2732 | D:4      | Noticed an ogre
  2744 | D:4      | Killed an ogre
  2744 | D:4      | Reached skill level 1 in Dodging
  2744 | D:4      | Gained mutation: You have a pair of small horns on your head. [demonic ancestry]
  2744 | D:4      | Reached XP level 6. HP: 33/48 MP: 6/6
  2786 | D:4      | Slain by an ogre

Vault maps used:
D:1:      dpeg_arrival_boxes_within_box, minmay_splitting_lines,
          solitary_fountain
D:2:      uniq_crazy_yiuf_cottage
D:3:      vehumet_crystals, nicolae_overflow_hidden_temple, first_bread,
          uniq_sigmund, uniq_terence, uniq_jessica, uniq_grinder

Skill      XL: |  1  2  3  4  5 |
---------------+----------------+-----
Polearms       | 2 3 |  3.5
Shields        | 3 |  3.9
Armour         | 3 |  3.8
Dodging        | 1 |  1.0
Fighting       | |  3.7
Stealth        | |  0.3

Action                   |  1- 3 |  4- 6 || total
-------------------------+-------+-------++-------
Melee: Trident           |   168 |   113 ||   281
       Headbutt          |       |     1 ||     1
  Use: Scroll            |     5 |       ||     5
       Potion            |       |     2 ||     2
 Stab: Invisible         |       |     1 ||     1
  Eat: Chunk             |     3 |     3 ||     6
Armor: Scale mail        |    81 |    44 ||   125
Dodge: Dodged            |    40 |    30 ||    70
Block: Shield            |    86 |    50 ||   136

Table legend:
 A = Spawn XP
 B = Non-spawn XP
 C = Spawn XP percentage of total XP
 D = Spawn monster count
 E = Non-spawn monster count
 F = Spawn count percentage of total count
 G = Total turns spent on level
                    A         B        C        D         E        F      G
               +---------+---------+-------+---------+---------+-------+---------
         Total |       0 |     441 |   0.0 |       0 |      59 |   0.0 |  2786
               +---------+---------+-------+---------+---------+-------+---------
           D:1 |       0 |      27 |   0.0 |       0 |      17 |   0.0 |   811
           D:2 |       0 |      59 |   0.0 |       0 |      19 |   0.0 |   747
           D:3 |       0 |      70 |   0.0 |       0 |      12 |   0.0 |   561
           D:4 |       0 |     285 |   0.0 |       0 |      11 |   0.0 |   667
               +---------+---------+-------+---------+---------+-------+---------
